Toronto Maple Leafs vs Chicago Black Hawks
Created - Thursday, May 8, 2025 at 08:53
Goals
|
| Toronto Maple Leafs |
1 |
1 |
3 |
0 |
5 |
| Chicago Black Hawks |
0 |
3 |
2 |
1 |
6 |
|
Shots
|
| Toronto Maple Leafs |
8 |
13 |
17 |
1 |
39 |
| Chicago Black Hawks |
8 |
14 |
6 |
5 |
33 |
|
1st period
1. Toronto Maple Leafs , Tomas Hertl 20 (Brady Tkachuk 44) at 12:30
Penalties :
Brady Tkachuk (TOR) for Cross-checking (Minor) at 0:22
2nd period
2. Chicago Black Hawks , Leo Carlsson 22 (Cole Sillinger 36) at 0:47
3. Chicago Black Hawks , Claude Giroux 20 (Lucas Raymond 36) at 2:06 (PP)
4. Chicago Black Hawks , Colton Sissons 22 (Claude Giroux 33, Lucas Raymond 37) at 2:20
5. Toronto Maple Leafs , Andrew Mangiapane 4 (Scott Laughton 11) at 18:04
Penalties :
Brady Tkachuk (TOR) for Cross-checking (Minor) at 1:55, Simon Nemec (CHI) for Delaying the game (Minor) at 5:19, Aaron Ekblad (TOR) for Holding (Minor) at 7:49, Barrett Hayton (CHI) for Hooking (Minor) at 11:46, Cole Sillinger (CHI) for Hooking (Minor) at 15:33
3rd period
6. Toronto Maple Leafs , Tomas Hertl 21 (Aaron Ekblad 17) at 2:48
7. Toronto Maple Leafs , Tomas Hertl 22 (Brady Tkachuk 45, Troy Terry 31) at 3:38
8. Chicago Black Hawks , Claude Giroux 21 (Jack Drury 11) at 5:19
9. Chicago Black Hawks , Leo Carlsson 23 (Urho Vaakanainen 10) at 9:25
10. Toronto Maple Leafs , Sam Bennett 16 (Wyatt Johnston 29) at 18:20
Penalties :
Aaron Ekblad (TOR) for Interference (Minor) at 13:42
Overtime #1
11. Chicago Black Hawks , Claude Giroux 22 (Justin Faulk 14, Lucas Raymond 38) at 1:20
Penalties :
No Penalty
Goalie Stats
Cam Talbot (TOR), 27 saves from 33 shots - (0.818), OTL, 18-16-5, 61:20 minutes
Alexandar Georgiev (CHI), 34 saves from 39 shots - (0.872), W, 15-14-1, 61:20 minutes
Players Stats for Toronto Maple Leafs
Player Name G A P +/- PIM S H SB GA TA FO MP PP MP PK MP
------------------------------------------------------------------------------------
Aaron Ekblad 0 1 1 2 4 1 2 2 0 1 0/0 25:11 3:02 0:59
Andrew Mangiapane 1 0 1 0 0 1 2 1 1 0 0/0 7:33 0:00 0:00
Brady Tkachuk 0 2 2 2 4 3 1 0 1 0 0/1 18:11 3:01 1:58
Brandon Saad 0 0 0 0 0 1 0 0 1 1 0/0 8:57 0:00 0:18
Cody Ceci 0 0 0 -3 0 0 0 2 0 0 0/0 21:44 2:55 2:58
Dougie Hamilton 0 0 0 1 0 0 0 1 0 1 0/0 12:26 0:00 0:07
Mario Ferraro 0 0 0 -3 0 0 1 0 0 1 0/0 21:51 2:55 3:05
Nick Bjugstad 0 0 0 -2 0 3 7 1 2 0 12/20 20:34 2:56 2:55
Nicolas Roy 0 0 0 -1 0 0 3 0 0 0 0/0 16:34 2:56 0:00
Nino Niederreiter 0 0 0 0 0 6 3 0 0 0 0/0 13:29 0:00 0:00
Quinton Byfield 0 0 0 -1 0 3 3 1 1 0 0/2 16:34 2:56 0:00
Ryan Pulock 0 0 0 2 0 1 0 0 1 1 0/0 27:10 3:02 3:03
Sam Bennett 1 0 1 0 0 5 4 0 1 1 1/2 13:29 0:00 0:00
Scott Laughton 0 1 1 0 0 1 0 1 0 0 4/9 9:34 0:00 0:55
Sean Walker 0 0 0 1 0 0 0 1 0 1 0/0 14:39 0:00 2:04
Tomas Hertl 3 0 3 2 0 5 0 0 1 0 9/18 18:20 3:01 2:55
Troy Terry 0 1 1 1 0 4 2 2 0 2 2/5 19:03 3:01 2:55
Wyatt Johnston 0 1 1 0 0 5 0 0 1 1 6/16 13:49 0:00 0:20
Players Stats for Chicago Black Hawks
Player Name G A P +/- PIM S H SB GA TA FO MP PP MP PK MP
------------------------------------------------------------------------------------
Barrett Hayton 0 0 0 0 2 1 5 0 1 2 0/0 14:36 0:00 0:55
Bobby Brink 0 0 0 0 0 0 3 0 0 0 0/1 13:32 0:07 0:00
Caleb Jones 0 0 0 -3 0 0 0 0 0 2 0/0 11:27 0:00 0:00
Claude Giroux 3 1 4 1 0 7 1 0 1 0 21/32 25:05 3:04 2:34
Cole Sillinger 0 1 1 -1 2 2 3 1 1 0 8/15 19:17 2:57 1:57
Colton Sissons 1 0 1 1 0 4 1 0 1 1 3/6 19:00 3:02 2:56
David Jiricek 0 0 0 -3 0 0 0 1 1 0 0/0 12:53 0:00 1:09
Jack Drury 0 1 1 -1 0 1 0 0 0 0 4/8 7:25 0:00 0:00
Jakob Pelletier 0 0 0 0 0 0 0 0 0 0 0/0 2:14 0:09 0:00
Joseph Veleno 0 0 0 0 0 3 2 0 0 0 2/8 13:58 0:09 0:05
Justin Faulk 0 1 1 1 0 2 2 4 1 2 0/0 28:29 3:18 3:03
Leo Carlsson 2 0 2 -1 0 4 2 0 0 1 0/0 16:57 2:57 0:00
Lucas Raymond 0 3 3 2 0 3 1 1 3 0 1/2 19:43 3:02 2:57
Noah Cates 0 0 0 -1 0 0 2 1 0 0 0/0 7:25 0:00 0:00
Simon Nemec 0 0 0 1 2 3 2 2 0 1 0/0 27:02 3:18 1:54
Trevor Zegras 0 0 0 -1 0 2 2 0 1 0 0/1 17:29 2:57 0:30
Urho Vaakanainen 0 1 1 2 0 1 0 1 0 1 0/0 21:24 2:50 2:54
Vincent Desharnais 0 0 0 2 0 0 4 0 0 0 0/0 21:24 2:50 2:54
3 Stars
1 - Claude Giroux (CHI)
2 - Tomas Hertl (TOR)
3 - Lucas Raymond (CHI)
Power Play
Toronto Maple Leafs - 0 on 3 Attempt(s) - 0.00%
Chicago Black Hawks - 1 on 4 Attempt(s) - 25.00%
Penalty Kill
Toronto Maple Leafs - 3 on 4 Attempt(s) - 75.00%
- Score 0 goal in Penalty Kill
Chicago Black Hawks - 3 on 3 Attempt(s) - 100.00%
- Score 0 goal in Penalty Kill
Team Stat
Toronto Maple Leafs - Hits : 28 - Faceoff Wins : 34 - Blocked Shots : 12 - Penalty Minutes : 8
Chicago Black Hawks - Hits : 30 - Faceoff Wins : 39 - Blocked Shots : 11 - Penalty Minutes : 6
Official
Referees : Tom Chmielewski and Brandon Blandina
Linesman : Michel Cormier and Steve Barton
Game Notes
Tomas Hertl has scored a Hat Trick!
Claude Giroux has scored a Hat Trick!
Finance
Level 1 -- Attendance: 4284 (71.40%) -- Ticket Income $428,400
Level 2 -- Attendance: 3880 (77.60%) -- Ticket Income $232,800
Level 3 -- Attendance: 2232 (74.40%) -- Ticket Income $78,120
Level 4 -- Attendance: 3500 (70.00%) -- Ticket Income $87,500
Luxury Box -- Attendance: 809 (80.90%) -- Ticket Income $161,800
Game was played at the United Center.
Total Attendance: 14705 (73.53%)
Total Ticket Income: $988,620
Other Income: $346,017
Total Income: $1,334,637
Toronto Maple Leafs
5 vs 5 Forward
Center Left Wing Right Wing Time % Phy DF OF
1 Tomas Hertl Brady Tkachuk Troy Terry 30 1 2 2
2 Nick Bjugstad Quinton Byfield Nicolas Roy 30 1 2 2
3 Wyatt Johnston Sam Bennett Nino Niederreiter 25 1 2 2
4 Scott Laughton Brandon Saad Andrew Mangiapane 15 1 2 2
5 vs 5 Defense
Defense Defense Time % Phy DF OF
1 Ryan Pulock Aaron Ekblad 30 1 2 2
2 Cody Ceci Mario Ferraro 30 1 2 2
3 Dougie Hamilton Sean Walker 25 1 2 2
4 Ryan Pulock Aaron Ekblad 15 1 2 2
PowerPlay Forward
Center Left Wing Right Wing Time % Phy DF OF
1 Tomas Hertl Brady Tkachuk Troy Terry 50 1 2 2
2 Nick Bjugstad Quinton Byfield Nicolas Roy 50 1 2 2
PowerPlay Defense
Defense Defense Time % Phy DF OF
1 Ryan Pulock Aaron Ekblad 50 1 2 2
2 Cody Ceci Mario Ferraro 50 1 2 2
Penalty Kill 4 Players Forward
Center Wing Time % Phy DF OF
1 Brady Tkachuk Tomas Hertl 50 1 2 2
2 Troy Terry Nick Bjugstad 50 1 2 2
Penalty Kill 4 Players Defense
Defense Defense Time % Phy DF OF
1 Ryan Pulock Aaron Ekblad 50 1 2 2
2 Cody Ceci Mario Ferraro 50 1 2 2
Penalty Kill - 3 Players Forward
Forward Time % Phy DF OF
1 Brady Tkachuk 50 1 2 2
2 Tomas Hertl 50 1 2 2
Penalty Kill - 3 Players Defense
Defense Defense Time % Phy DF OF
1 Ryan Pulock Aaron Ekblad 50 1 2 2
2 Cody Ceci Mario Ferraro 50 1 2 2
4 vs 4 Forward
Center Wing Time % Phy DF OF
1 Brady Tkachuk Tomas Hertl 50 1 2 2
2 Troy Terry Nick Bjugstad 50 1 2 2
4 vs 4 Defense
Defense Defense Time % Phy DF OF
1 Ryan Pulock Aaron Ekblad 50 1 2 2
2 Cody Ceci Mario Ferraro 50 1 2 2
Last Minutes Offensive
Center Left Wing Right Wing Defense Defense
Tomas Hertl Brady Tkachuk Troy Terry Ryan Pulock Aaron Ekblad
Last Minutes Defensive
Center Left Wing Right Wing Defense Defense
Tomas Hertl Brady Tkachuk Troy Terry Ryan Pulock Aaron Ekblad
Goaltenders
Starting : Cam Talbot
Backup : Frederik Andersen
Extra Forwards
Normal : Wyatt Johnston, Sam Bennett, Scott Laughton - PP : Wyatt Johnston, Sam Bennett - PK : Scott Laughton
Extra Defensemen
Normal : Dougie Hamilton, Sean Walker, Cody Ceci - PP : Dougie Hamilton - PK : Sean Walker, Cody Ceci
Penalty Shots
Brady Tkachuk, Tomas Hertl, Troy Terry, Nick Bjugstad, Wyatt Johnston
Scratches
Bowen Byram (Healthy), Kyle Okposo (Healthy), Warren Foegele (Healthy), Luke Schenn (Healthy), Pierre Engvall (Healthy)
Chicago Black Hawks
5 vs 5 Forward
Center Left Wing Right Wing Time % Phy DF OF
1 Claude Giroux Lucas Raymond Colton Sissons 30 1 2 2
2 Cole Sillinger Trevor Zegras Leo Carlsson 30 1 2 2
3 Joseph Veleno Barrett Hayton Bobby Brink 25 1 2 2
4 Jack Drury Noah Cates Claude Giroux 15 1 2 2
5 vs 5 Defense
Defense Defense Time % Phy DF OF
1 Justin Faulk Simon Nemec 30 1 2 2
2 Urho Vaakanainen Vincent Desharnais 30 1 2 2
3 Caleb Jones David Jiricek 25 1 2 2
4 Justin Faulk Simon Nemec 15 1 2 2
PowerPlay Forward
Center Left Wing Right Wing Time % Phy DF OF
1 Claude Giroux Lucas Raymond Colton Sissons 50 1 2 2
2 Cole Sillinger Trevor Zegras Leo Carlsson 50 1 2 2
PowerPlay Defense
Defense Defense Time % Phy DF OF
1 Justin Faulk Simon Nemec 50 1 2 2
2 Urho Vaakanainen Vincent Desharnais 50 1 2 2
Penalty Kill 4 Players Forward
Center Wing Time % Phy DF OF
1 Claude Giroux Lucas Raymond 50 1 2 2
2 Colton Sissons Cole Sillinger 50 1 2 2
Penalty Kill 4 Players Defense
Defense Defense Time % Phy DF OF
1 Justin Faulk Simon Nemec 50 1 2 2
2 Urho Vaakanainen Vincent Desharnais 50 1 2 2
Penalty Kill - 3 Players Forward
Forward Time % Phy DF OF
1 Claude Giroux 50 1 2 2
2 Lucas Raymond 50 1 2 2
Penalty Kill - 3 Players Defense
Defense Defense Time % Phy DF OF
1 Justin Faulk Simon Nemec 50 1 2 2
2 Urho Vaakanainen Vincent Desharnais 50 1 2 2
4 vs 4 Forward
Center Wing Time % Phy DF OF
1 Claude Giroux Lucas Raymond 50 1 2 2
2 Colton Sissons Cole Sillinger 50 1 2 2
4 vs 4 Defense
Defense Defense Time % Phy DF OF
1 Justin Faulk Simon Nemec 50 1 2 2
2 Urho Vaakanainen Vincent Desharnais 50 1 2 2
Last Minutes Offensive
Center Left Wing Right Wing Defense Defense
Claude Giroux Lucas Raymond Colton Sissons Justin Faulk Simon Nemec
Last Minutes Defensive
Center Left Wing Right Wing Defense Defense
Claude Giroux Lucas Raymond Colton Sissons Justin Faulk Simon Nemec
Goaltenders
Starting : Alexandar Georgiev
Backup : Adin Hill
Extra Forwards
Normal : Jakob Pelletier, Joseph Veleno, Barrett Hayton - PP : Jakob Pelletier, Joseph Veleno - PK : Barrett Hayton
Extra Defensemen
Normal : Caleb Jones, David Jiricek, Urho Vaakanainen - PP : Caleb Jones - PK : David Jiricek, Urho Vaakanainen
Penalty Shots
Claude Giroux, Lucas Raymond, Colton Sissons, Cole Sillinger, Trevor Zegras
Scratches
Brett Howden (Healthy), Jon Merrill (Healthy), Shane Wright (Healthy), Antonio Stranges (Healthy), Filip Gustavsson (Healthy)
% Time on Ice - Toronto Maple Leafs
Lines # - Real PCT - Wanted PCT - Time Play
Normal Forward
1 - 27% - 30% - 13:08
2 - 29% - 30% - 13:45
3 - 28% - 25% - 13:29
4 - 16% - 15% - 7:33
Normal Defense
1 - 30% - 30% - 14:29
2 - 32% - 30% - 15:08
3 - 26% - 25% - 12:19
4 - 12% - 15% - 5:59
PP Forward
1 - 51% - 50% - 3:01
2 - 49% - 50% - 2:56
PP Defense
1 - 51% - 50% - 3:02
2 - 49% - 50% - 2:55
PK Forward
1 - 52% - 50% - 3:13
2 - 48% - 50% - 2:55
PK Defense
1 - 52% - 50% - 3:10
2 - 48% - 50% - 2:58
PK3 Forward
1 - 0% - 50%
2 - 0% - 50%
PK3 Defense
1 - 0% - 50%
2 - 0% - 50%
44 Forward
1 - 28% - 50% - 0:22
2 - 73% - 50% - 0:58
44 Defense
1 - 46% - 50% - 0:37
2 - 54% - 50% - 0:43
Last Minute Offensive - 0:00
Last Minute Defensive - 0:00
Total
Forward - 61:20
Defense - 61:20
|
% Time on Ice - Chicago Black Hawks
Lines # - Real PCT - Wanted PCT - Time Play
Normal Forward
1 - 27% - 30% - 12:46
2 - 30% - 30% - 14:19
3 - 28% - 25% - 13:25
4 - 15% - 15% - 7:25
Normal Defense
1 - 32% - 30% - 15:17
2 - 31% - 30% - 15:01
3 - 24% - 25% - 11:27
4 - 13% - 15% - 6:10
PP Forward
1 - 50% - 50% - 3:04
2 - 50% - 50% - 3:04
PP Defense
1 - 54% - 50% - 3:18
2 - 46% - 50% - 2:50
PK Forward
1 - 43% - 50% - 2:34
2 - 57% - 50% - 3:23
PK Defense
1 - 51% - 50% - 3:03
2 - 49% - 50% - 2:54
PK3 Forward
1 - 0% - 50%
2 - 0% - 50%
PK3 Defense
1 - 0% - 50%
2 - 0% - 50%
44 Forward
1 - 80% - 50% - 1:04
2 - 20% - 50% - 0:16
44 Defense
1 - 51% - 50% - 0:41
2 - 49% - 50% - 0:39
Last Minute Offensive - 0:00
Last Minute Defensive - 0:00
Total
Forward - 61:20
Defense - 61:20
|
Play-by-Play
1st period
0:01 of 1st period - Claude Giroux wins face-off versus Tomas Hertl in neutral zone.
0:22 of 1st period - Minor Penalty to Brady Tkachuk for Cross-checking.
0:23 of 1st period - Claude Giroux wins face-off versus Scott Laughton in Toronto Maple Leafs zone.
0:36 of 1st period - Slapshot by Claude Giroux.
0:36 of 1st period - Shot Misses the Net.
2:22 of 1st period - Penalty to Brady Tkachuk is over, Brady Tkachuk is back on ice.
2:32 of 1st period - Brandon Saad is hit by Joseph Veleno and loses puck.
3:11 of 1st period - Slapshot by Brandon Saad.
3:11 of 1st period - Stopped by Alexandar Georgiev without a rebound.
3:12 of 1st period - Claude Giroux wins face-off versus Nick Bjugstad in Chicago Black Hawks zone.
3:38 of 1st period - Claude Giroux is hit by Sam Bennett and loses puck.
4:25 of 1st period - Colton Sissons is hit by Sam Bennett and loses puck.
4:50 of 1st period - Justin Faulk is hit by Nick Bjugstad and loses puck.
5:01 of 1st period - Sean Walker is hit by Bobby Brink and loses puck.
6:32 of 1st period - Mario Ferraro is hit by Colton Sissons and loses puck.
6:45 of 1st period - Cody Ceci is hit by Lucas Raymond and loses puck.
7:10 of 1st period - Cody Ceci is hit by Joseph Veleno and loses puck.
8:19 of 1st period - Snap shot by Wyatt Johnston.
8:19 of 1st period - Shot Misses the Net.
8:21 of 1st period - Wrist shot by Nino Niederreiter.
8:21 of 1st period - Stopped by Alexandar Georgiev without a rebound.
8:22 of 1st period - Claude Giroux wins face-off versus Wyatt Johnston in Chicago Black Hawks zone.
8:35 of 1st period - Snap shot by Wyatt Johnston.
8:35 of 1st period - Deflect By Sam Bennett.
8:35 of 1st period - Shot Blocked by David Jiricek.
8:35 of 1st period - Puck is out of play.
8:36 of 1st period - Nick Bjugstad wins face-off versus Cole Sillinger in Chicago Black Hawks zone.
8:49 of 1st period - Snap shot by Quinton Byfield.
8:49 of 1st period - Deflect By Trevor Zegras.
8:49 of 1st period - Stopped by Alexandar Georgiev without a rebound.
8:50 of 1st period - Cole Sillinger wins face-off versus Nick Bjugstad in Chicago Black Hawks zone.
8:50 of 1st period - Cole Sillinger is hit by Quinton Byfield.
8:58 of 1st period - Nicolas Roy is hit by Cole Sillinger and loses puck.
9:25 of 1st period - Icing by Ryan Pulock.
9:26 of 1st period - Wyatt Johnston wins face-off versus Cole Sillinger in Toronto Maple Leafs zone.
9:33 of 1st period - Sam Bennett is hit by Cole Sillinger and loses puck.
9:58 of 1st period - Aaron Ekblad is hit by Simon Nemec.
10:03 of 1st period - Icing by Wyatt Johnston.
10:04 of 1st period - Wyatt Johnston wins face-off versus Joseph Veleno in Toronto Maple Leafs zone.
10:37 of 1st period - Snap shot by Joseph Veleno.
10:37 of 1st period - Stopped by Cam Talbot with a rebound.
10:39 of 1st period - Slapshot by Joseph Veleno.
10:39 of 1st period - Shot Hit the Post.
10:41 of 1st period - Slapshot by Simon Nemec.
10:41 of 1st period - Deflect By Nino Niederreiter.
10:41 of 1st period - Stopped by Cam Talbot with a rebound.
10:43 of 1st period - Slapshot by Simon Nemec.
10:43 of 1st period - Shot Misses the Net.
10:45 of 1st period - Snap shot by Barrett Hayton.
10:45 of 1st period - Shot Misses the Net.
10:53 of 1st period - Snap shot by Joseph Veleno.
10:53 of 1st period - Stopped by Cam Talbot with a rebound.
10:55 of 1st period - Slapshot by Simon Nemec.
10:55 of 1st period - Shot Misses the Net.
10:57 of 1st period - Snap shot by Joseph Veleno.
10:57 of 1st period - Shot Misses the Net.
10:59 of 1st period - Slapshot by Simon Nemec.
10:59 of 1st period - Stopped by Cam Talbot without a rebound.
11:00 of 1st period - Claude Giroux wins face-off versus Nick Bjugstad in Toronto Maple Leafs zone.
11:07 of 1st period - Wrist shot by Lucas Raymond.
11:07 of 1st period - Stopped by Cam Talbot without a rebound.
11:08 of 1st period - Nick Bjugstad wins face-off versus Claude Giroux in Toronto Maple Leafs zone.
11:19 of 1st period - Wrist shot by Nick Bjugstad.
11:19 of 1st period - Stopped by Alexandar Georgiev without a rebound.
11:20 of 1st period - Tomas Hertl wins face-off versus Cole Sillinger in Chicago Black Hawks zone.
11:47 of 1st period - Colton Sissons is hit by Nicolas Roy and loses puck.
11:52 of 1st period - Slapshot by Quinton Byfield.
11:52 of 1st period - Shot Misses the Net.
12:08 of 1st period - Wrist shot by Barrett Hayton.
12:08 of 1st period - Shot Misses the Net.
12:12 of 1st period - Wrist shot by Joseph Veleno.
12:12 of 1st period - Shot Blocked by Quinton Byfield.
12:14 of 1st period - Slapshot by Joseph Veleno.
12:14 of 1st period - Stopped by Cam Talbot without a rebound.
12:15 of 1st period - Tomas Hertl wins face-off versus Joseph Veleno in Toronto Maple Leafs zone.
12:24 of 1st period - Slapshot by Brady Tkachuk.
12:24 of 1st period - Stopped by Alexandar Georgiev without a rebound.
12:25 of 1st period - Tomas Hertl wins face-off versus Trevor Zegras in Chicago Black Hawks zone.
12:28 of 1st period - Snap shot by Brady Tkachuk.
12:28 of 1st period - Shot Blocked by Cole Sillinger.
12:30 of 1st period - Snap shot by Tomas Hertl.
12:30 of 1st period - Goal by Tomas Hertl - Toronto Maple Leafs : 1 - Chicago Black Hawks : 0.
12:31 of 1st period - Claude Giroux wins face-off versus Scott Laughton in neutral zone.
13:05 of 1st period - Brady Tkachuk is hit by Justin Faulk and loses puck.
13:58 of 1st period - Slapshot by Sam Bennett.
13:58 of 1st period - Shot Misses the Net.
14:14 of 1st period - Backhand shot by Troy Terry.
14:14 of 1st period - Stopped by Alexandar Georgiev with a rebound.
14:16 of 1st period - Wrist shot by Brady Tkachuk.
14:16 of 1st period - Stopped by Alexandar Georgiev with a rebound.
14:30 of 1st period - Nicolas Roy is hit by Barrett Hayton.
14:50 of 1st period - Snap shot by Claude Giroux.
14:50 of 1st period - Stopped by Cam Talbot with a rebound.
14:52 of 1st period - Slapshot by Colton Sissons.
14:52 of 1st period - Stopped by Cam Talbot with a rebound.
15:12 of 1st period - Claude Giroux is hit by Sam Bennett and loses puck.
15:43 of 1st period - Leo Carlsson is hit by Nick Bjugstad and loses puck.
15:52 of 1st period - Wrist shot by Nicolas Roy.
15:52 of 1st period - Shot Misses the Net.
15:54 of 1st period - Slapshot by Nicolas Roy.
15:54 of 1st period - Shot Misses the Net.
16:36 of 1st period - Bobby Brink is hit by Nino Niederreiter.
16:53 of 1st period - Brady Tkachuk is hit by Noah Cates and loses puck.
17:08 of 1st period - Leo Carlsson is hit by Nick Bjugstad.
17:12 of 1st period - Nicolas Roy is hit by Leo Carlsson and loses puck.
17:36 of 1st period - Justin Faulk is hit by Andrew Mangiapane.
17:52 of 1st period - Sean Walker is hit by Justin Faulk and loses puck.
19:17 of 1st period - Icing by Bobby Brink.
19:18 of 1st period - Tomas Hertl wins face-off versus Joseph Veleno in Chicago Black Hawks zone.
19:29 of 1st period - Tomas Hertl is hit by Bobby Brink and loses puck.
Goals for this period are 1 for Toronto Maple Leafs vs 0 for Chicago Black Hawks.
Shots for this period are 8 for Toronto Maple Leafs vs 8 for Chicago Black Hawks.
2nd period
0:01 of 2nd period - Claude Giroux wins face-off versus Nick Bjugstad in neutral zone.
0:10 of 2nd period - Snap shot by Quinton Byfield.
0:10 of 2nd period - Shot Misses the Net.
0:12 of 2nd period - Slapshot by Quinton Byfield.
0:12 of 2nd period - Stopped by Alexandar Georgiev without a rebound.
0:13 of 2nd period - Nick Bjugstad wins face-off versus Claude Giroux in Chicago Black Hawks zone.
0:40 of 2nd period - Mario Ferraro is hit by Vincent Desharnais and loses puck.
0:47 of 2nd period - Snap shot by Leo Carlsson.
0:47 of 2nd period - Goal by Leo Carlsson - Toronto Maple Leafs : 1 - Chicago Black Hawks : 1.
0:48 of 2nd period - Claude Giroux wins face-off versus Quinton Byfield in neutral zone.
1:01 of 2nd period - Wrist shot by Lucas Raymond.
1:01 of 2nd period - Shot Blocked by Nick Bjugstad.
1:03 of 2nd period - Wrist shot by Colton Sissons.
1:03 of 2nd period - Stopped by Cam Talbot with a rebound.
1:05 of 2nd period - Snap shot by Claude Giroux.
1:05 of 2nd period - Shot Misses the Net.
1:15 of 2nd period - Ryan Pulock is hit by Barrett Hayton and loses puck.
1:44 of 2nd period - Snap shot by Troy Terry.
1:44 of 2nd period - Stopped by Alexandar Georgiev without a rebound.
1:45 of 2nd period - Cole Sillinger wins face-off versus Tomas Hertl in Chicago Black Hawks zone.
1:55 of 2nd period - Minor Penalty to Brady Tkachuk for Cross-checking.
1:56 of 2nd period - Claude Giroux wins face-off versus Troy Terry in Toronto Maple Leafs zone.
2:06 of 2nd period - Snap shot by Claude Giroux.
2:06 of 2nd period - Goal by Claude Giroux - Toronto Maple Leafs : 1 - Chicago Black Hawks : 2.
2:07 of 2nd period - Colton Sissons wins face-off versus Scott Laughton in neutral zone.
2:18 of 2nd period - Snap shot by Claude Giroux.
2:18 of 2nd period - Shot Blocked by Scott Laughton.
2:20 of 2nd period - Snap shot by Colton Sissons.
2:20 of 2nd period - Goal by Colton Sissons - Toronto Maple Leafs : 1 - Chicago Black Hawks : 3.
2:21 of 2nd period - Cole Sillinger wins face-off versus Tomas Hertl in neutral zone.
2:26 of 2nd period - Slapshot by Leo Carlsson.
2:26 of 2nd period - Shot Misses the Net.
2:28 of 2nd period - Snap shot by Leo Carlsson.
2:28 of 2nd period - Stopped by Cam Talbot without a rebound.
2:29 of 2nd period - Cole Sillinger wins face-off versus Tomas Hertl in Toronto Maple Leafs zone.
3:03 of 2nd period - Wrist shot by Quinton Byfield.
3:03 of 2nd period - Shot Misses the Net.
3:29 of 2nd period - Sean Walker is hit by Bobby Brink and loses puck.
3:46 of 2nd period - Wrist shot by Sam Bennett.
3:46 of 2nd period - Stopped by Alexandar Georgiev without a rebound.
3:47 of 2nd period - Wyatt Johnston wins face-off versus Claude Giroux in Chicago Black Hawks zone.
3:48 of 2nd period - Snap shot by Sam Bennett.
3:48 of 2nd period - Stopped by Alexandar Georgiev without a rebound.
3:49 of 2nd period - Claude Giroux wins face-off versus Tomas Hertl in Chicago Black Hawks zone.
3:55 of 2nd period - Off-side.
3:56 of 2nd period - Tomas Hertl wins face-off versus Claude Giroux in neutral zone.
4:19 of 2nd period - Colton Sissons is hit by Brady Tkachuk.
4:33 of 2nd period - Snap shot by Claude Giroux.
4:33 of 2nd period - Shot Blocked by Troy Terry.
4:35 of 2nd period - Slapshot by Vincent Desharnais.
4:35 of 2nd period - Shot Blocked by Troy Terry.
4:37 of 2nd period - Slapshot by Vincent Desharnais.
4:37 of 2nd period - Shot Blocked by Aaron Ekblad.
4:39 of 2nd period - Snap shot by Lucas Raymond.
4:39 of 2nd period - Deflect By Claude Giroux.
4:39 of 2nd period - Stopped by Cam Talbot without a rebound.
4:40 of 2nd period - Cole Sillinger wins face-off versus Nick Bjugstad in Toronto Maple Leafs zone.
5:05 of 2nd period - Joseph Veleno is hit by Sam Bennett and loses puck.
5:19 of 2nd period - Minor Penalty to Simon Nemec for Delaying the game.
5:20 of 2nd period - Tomas Hertl wins face-off versus Claude Giroux in Chicago Black Hawks zone.
5:26 of 2nd period - Wrist shot by Troy Terry.
5:26 of 2nd period - Stopped by Alexandar Georgiev with a rebound.
5:28 of 2nd period - Wrist shot by Tomas Hertl.
5:28 of 2nd period - Stopped by Alexandar Georgiev with a rebound.
5:30 of 2nd period - Slapshot by Brady Tkachuk.
5:30 of 2nd period - Stopped by Alexandar Georgiev with a rebound.
5:32 of 2nd period - Snap shot by Aaron Ekblad.
5:32 of 2nd period - Stopped by Alexandar Georgiev without a rebound.
5:33 of 2nd period - Nick Bjugstad wins face-off versus Colton Sissons in Chicago Black Hawks zone.
6:23 of 2nd period - Quinton Byfield is hit by Vincent Desharnais.
6:46 of 2nd period - Icing by Nick Bjugstad.
6:47 of 2nd period - Colton Sissons wins face-off versus Tomas Hertl in Toronto Maple Leafs zone.
6:48 of 2nd period - Snap shot by Cole Sillinger.
6:48 of 2nd period - Shot Blocked by Cody Ceci.
7:19 of 2nd period - Penalty to Simon Nemec is over, Simon Nemec is back on ice.
7:35 of 2nd period - Snap shot by Cole Sillinger.
7:35 of 2nd period - Stopped by Cam Talbot without a rebound.
7:36 of 2nd period - Cole Sillinger wins face-off versus Wyatt Johnston in Toronto Maple Leafs zone.
7:37 of 2nd period - Backhand shot by Trevor Zegras.
7:37 of 2nd period - Shot Blocked by Aaron Ekblad.
7:39 of 2nd period - Slapshot by Urho Vaakanainen.
7:39 of 2nd period - Stopped by Cam Talbot with a rebound.
7:43 of 2nd period - Slapshot by Leo Carlsson.
7:43 of 2nd period - Deflect By Cole Sillinger.
7:43 of 2nd period - Stopped by Cam Talbot with a rebound.
7:45 of 2nd period - Snap shot by Leo Carlsson.
7:45 of 2nd period - Stopped by Cam Talbot without a rebound.
7:46 of 2nd period - Nick Bjugstad wins face-off versus Claude Giroux in Toronto Maple Leafs zone.
7:46 of 2nd period - Nick Bjugstad is hit by Vincent Desharnais.
7:49 of 2nd period - Minor Penalty to Aaron Ekblad for Holding.
7:50 of 2nd period - Cole Sillinger wins face-off versus Troy Terry in Toronto Maple Leafs zone.
7:50 of 2nd period - Wrist shot by Trevor Zegras.
7:50 of 2nd period - Shot Blocked by Sean Walker.
8:30 of 2nd period - Mario Ferraro is hit by Vincent Desharnais and loses puck.
9:40 of 2nd period - Lucas Raymond is hit by Mario Ferraro and loses puck.
9:49 of 2nd period - Penalty to Aaron Ekblad is over, Aaron Ekblad is back on ice.
10:35 of 2nd period - Slapshot by Jack Drury.
10:35 of 2nd period - Stopped by Cam Talbot with a rebound.
10:57 of 2nd period - Leo Carlsson is hit by Quinton Byfield and loses puck.
11:10 of 2nd period - Snap shot by Wyatt Johnston.
11:10 of 2nd period - Stopped by Alexandar Georgiev without a rebound.
11:11 of 2nd period - Colton Sissons wins face-off versus Wyatt Johnston in Chicago Black Hawks zone.
11:28 of 2nd period - Justin Faulk is hit by Nino Niederreiter and loses puck.
11:43 of 2nd period - Icing by Sean Walker.
11:44 of 2nd period - Joseph Veleno wins face-off versus Wyatt Johnston in Toronto Maple Leafs zone.
11:46 of 2nd period - Minor Penalty to Barrett Hayton for Hooking.
11:47 of 2nd period - Nick Bjugstad wins face-off versus Colton Sissons in Chicago Black Hawks zone.
12:13 of 2nd period - Claude Giroux is hit by Troy Terry and loses puck.
13:46 of 2nd period - Penalty to Barrett Hayton is over, Barrett Hayton is back on ice.
13:46 of 2nd period - Cole Sillinger is hit by Nick Bjugstad and loses puck.
13:57 of 2nd period - Slapshot by Simon Nemec.
13:57 of 2nd period - Stopped by Cam Talbot without a rebound.
13:58 of 2nd period - Scott Laughton wins face-off versus Joseph Veleno in Toronto Maple Leafs zone.
14:11 of 2nd period - Wrist shot by Barrett Hayton.
14:11 of 2nd period - Stopped by Cam Talbot with a rebound.
14:13 of 2nd period - Wrist shot by Joseph Veleno.
14:13 of 2nd period - Shot Blocked by Andrew Mangiapane.
15:01 of 2nd period - Snap shot by Wyatt Johnston.
15:01 of 2nd period - Stopped by Alexandar Georgiev with a rebound.
15:03 of 2nd period - Slapshot by Wyatt Johnston.
15:03 of 2nd period - Stopped by Alexandar Georgiev without a rebound.
15:04 of 2nd period - Claude Giroux wins face-off versus Wyatt Johnston in Chicago Black Hawks zone.
15:17 of 2nd period - Snap shot by Claude Giroux.
15:17 of 2nd period - Shot Blocked by Cody Ceci.
15:19 of 2nd period - Snap shot by Colton Sissons.
15:19 of 2nd period - Stopped by Cam Talbot without a rebound.
15:20 of 2nd period - Nick Bjugstad wins face-off versus Cole Sillinger in Toronto Maple Leafs zone.
15:20 of 2nd period - Nick Bjugstad is hit by Trevor Zegras.
15:33 of 2nd period - Minor Penalty to Cole Sillinger for Hooking.
15:34 of 2nd period - Tomas Hertl wins face-off versus Colton Sissons in Chicago Black Hawks zone.
15:42 of 2nd period - Slapshot by Brady Tkachuk.
15:42 of 2nd period - Shot Blocked by Urho Vaakanainen.
16:07 of 2nd period - Slapshot by Aaron Ekblad.
16:07 of 2nd period - Shot Misses the Net.
16:09 of 2nd period - Snap shot by Nicolas Roy.
16:09 of 2nd period - Shot Blocked by Lucas Raymond.
16:54 of 2nd period - Justin Faulk is hit by Troy Terry.
16:58 of 2nd period - Tomas Hertl is hit by Barrett Hayton and loses puck.
17:19 of 2nd period - Simon Nemec is hit by Nick Bjugstad and loses puck.
17:33 of 2nd period - Penalty to Cole Sillinger is over, Cole Sillinger is back on ice.
17:48 of 2nd period - Snap shot by Sam Bennett.
17:48 of 2nd period - Stopped by Alexandar Georgiev without a rebound.
17:49 of 2nd period - Scott Laughton wins face-off versus Cole Sillinger in Chicago Black Hawks zone.
18:02 of 2nd period - Wrist shot by Scott Laughton.
18:02 of 2nd period - Shot Misses the Net.
18:04 of 2nd period - Wrist shot by Andrew Mangiapane.
18:04 of 2nd period - Goal by Andrew Mangiapane - Toronto Maple Leafs : 2 - Chicago Black Hawks : 3.
18:05 of 2nd period - Nick Bjugstad wins face-off versus Lucas Raymond in neutral zone.
19:00 of 2nd period - Urho Vaakanainen is hit by Aaron Ekblad and loses puck.
19:48 of 2nd period - Icing by Vincent Desharnais.
19:49 of 2nd period - Claude Giroux wins face-off versus Tomas Hertl in Chicago Black Hawks zone.
Goals for this period are 1 for Toronto Maple Leafs vs 3 for Chicago Black Hawks.
Shots for this period are 13 for Toronto Maple Leafs vs 14 for Chicago Black Hawks.
3rd period
0:01 of 3rd period - Nick Bjugstad wins face-off versus Claude Giroux in neutral zone.
0:12 of 3rd period - Wrist shot by Quinton Byfield.
0:12 of 3rd period - Stopped by Alexandar Georgiev with a rebound.
0:28 of 3rd period - Slapshot by Trevor Zegras.
0:28 of 3rd period - Shot Misses the Net.
0:30 of 3rd period - Snap shot by Trevor Zegras.
0:30 of 3rd period - Stopped by Cam Talbot without a rebound.
0:31 of 3rd period - Cole Sillinger wins face-off versus Tomas Hertl in Toronto Maple Leafs zone.
0:46 of 3rd period - Wrist shot by Trevor Zegras.
0:46 of 3rd period - Stopped by Cam Talbot with a rebound.
1:16 of 3rd period - Off-side.
1:17 of 3rd period - Claude Giroux wins face-off versus Nick Bjugstad in neutral zone.
1:17 of 3rd period - Claude Giroux is hit by Aaron Ekblad.
1:25 of 3rd period - Wrist shot by Nick Bjugstad.
1:25 of 3rd period - Shot Misses the Net.
1:33 of 3rd period - Wrist shot by Nick Bjugstad.
1:33 of 3rd period - Shot Blocked by Justin Faulk.
1:43 of 3rd period - Wyatt Johnston is hit by Leo Carlsson.
2:09 of 3rd period - Wrist shot by Bobby Brink.
2:09 of 3rd period - Shot Hit the Post.
2:27 of 3rd period - Noah Cates is hit by Nicolas Roy and loses puck.
2:38 of 3rd period - Slapshot by Justin Faulk.
2:38 of 3rd period - Stopped by Cam Talbot without a rebound.
2:39 of 3rd period - Tomas Hertl wins face-off versus Cole Sillinger in Toronto Maple Leafs zone.
2:48 of 3rd period - Snap shot by Tomas Hertl.
2:48 of 3rd period - Goal by Tomas Hertl - Toronto Maple Leafs : 3 - Chicago Black Hawks : 3.
2:49 of 3rd period - Nick Bjugstad wins face-off versus Claude Giroux in neutral zone.
3:06 of 3rd period - Wrist shot by Claude Giroux.
3:06 of 3rd period - Shot Misses the Net.
3:26 of 3rd period - Slapshot by Troy Terry.
3:26 of 3rd period - Stopped by Alexandar Georgiev without a rebound.
3:27 of 3rd period - Tomas Hertl wins face-off versus Jack Drury in Chicago Black Hawks zone.
3:34 of 3rd period - Snap shot by Brady Tkachuk.
3:34 of 3rd period - Shot Misses the Net.
3:36 of 3rd period - Wrist shot by Tomas Hertl.
3:36 of 3rd period - Stopped by Alexandar Georgiev with a rebound.
3:38 of 3rd period - Wrist shot by Tomas Hertl.
3:38 of 3rd period - Goal by Tomas Hertl - Toronto Maple Leafs : 4 - Chicago Black Hawks : 3.
3:39 of 3rd period - Nick Bjugstad wins face-off versus Claude Giroux in neutral zone.
3:46 of 3rd period - Wrist shot by Nicolas Roy.
3:46 of 3rd period - Shot Misses the Net.
3:50 of 3rd period - Wrist shot by Quinton Byfield.
3:50 of 3rd period - Shot Misses the Net.
4:10 of 3rd period - Aaron Ekblad is hit by Barrett Hayton and loses puck.
4:51 of 3rd period - Noah Cates is hit by Nick Bjugstad and loses puck.
4:57 of 3rd period - Icing by Urho Vaakanainen.
4:58 of 3rd period - Nick Bjugstad wins face-off versus Jack Drury in Chicago Black Hawks zone.
5:01 of 3rd period - Snap shot by Nicolas Roy.
5:01 of 3rd period - Shot Misses the Net.
5:12 of 3rd period - Quinton Byfield is hit by Claude Giroux and loses puck.
5:19 of 3rd period - Wrist shot by Claude Giroux.
5:19 of 3rd period - Goal by Claude Giroux - Toronto Maple Leafs : 4 - Chicago Black Hawks : 4.
5:20 of 3rd period - Claude Giroux wins face-off versus Tomas Hertl in neutral zone.
5:47 of 3rd period - Justin Faulk is hit by Quinton Byfield and loses puck.
6:10 of 3rd period - Wrist shot by Claude Giroux.
6:10 of 3rd period - Stopped by Cam Talbot with a rebound.
6:12 of 3rd period - Snap shot by Jack Drury.
6:12 of 3rd period - Shot Misses the Net.
6:14 of 3rd period - Snap shot by Claude Giroux.
6:14 of 3rd period - Shot Hit the Post.
6:34 of 3rd period - Snap shot by Wyatt Johnston.
6:34 of 3rd period - Stopped by Alexandar Georgiev with a rebound.
6:59 of 3rd period - Off-side.
7:00 of 3rd period - Claude Giroux wins face-off versus Wyatt Johnston in neutral zone.
7:55 of 3rd period - Snap shot by Quinton Byfield.
7:55 of 3rd period - Deflect By Justin Faulk.
7:55 of 3rd period - Shot Misses the Net.
7:55 of 3rd period - Puck is out of play.
7:56 of 3rd period - Claude Giroux wins face-off versus Wyatt Johnston in Chicago Black Hawks zone.
7:56 of 3rd period - Claude Giroux is hit by Nino Niederreiter.
8:06 of 3rd period - Snap shot by Sam Bennett.
8:06 of 3rd period - Shot Misses the Net.
8:08 of 3rd period - Snap shot by Nino Niederreiter.
8:08 of 3rd period - Stopped by Alexandar Georgiev with a rebound.
8:10 of 3rd period - Wrist shot by Nino Niederreiter.
8:10 of 3rd period - Stopped by Alexandar Georgiev with a rebound.
8:12 of 3rd period - Snap shot by Sam Bennett.
8:12 of 3rd period - Shot Blocked by Simon Nemec.
8:52 of 3rd period - Cody Ceci is hit by Barrett Hayton and loses puck.
9:11 of 3rd period - Snap shot by Brandon Saad.
9:11 of 3rd period - Shot Misses the Net.
9:25 of 3rd period - Wrist shot by Leo Carlsson.
9:25 of 3rd period - Goal by Leo Carlsson - Toronto Maple Leafs : 4 - Chicago Black Hawks : 5.
9:26 of 3rd period - Claude Giroux wins face-off versus Nick Bjugstad in neutral zone.
9:51 of 3rd period - Troy Terry is hit by Cole Sillinger and loses puck.
10:11 of 3rd period - Off-side.
10:12 of 3rd period - Joseph Veleno wins face-off versus Wyatt Johnston in neutral zone.
10:17 of 3rd period - Slapshot by Justin Faulk.
10:17 of 3rd period - Deflect By Barrett Hayton.
10:17 of 3rd period - Shot Misses the Net.
10:17 of 3rd period - Puck is out of play.
10:18 of 3rd period - Lucas Raymond wins face-off versus Wyatt Johnston in Toronto Maple Leafs zone.
11:52 of 3rd period - Slapshot by Wyatt Johnston.
11:52 of 3rd period - Shot Blocked by Noah Cates.
11:54 of 3rd period - Snap shot by Nino Niederreiter.
11:54 of 3rd period - Stopped by Alexandar Georgiev without a rebound.
11:55 of 3rd period - Sam Bennett wins face-off versus Cole Sillinger in Chicago Black Hawks zone.
12:43 of 3rd period - Snap shot by Wyatt Johnston.
12:43 of 3rd period - Shot Misses the Net.
12:45 of 3rd period - Snap shot by Nino Niederreiter.
12:45 of 3rd period - Shot Misses the Net.
12:47 of 3rd period - Wrist shot by Nino Niederreiter.
12:47 of 3rd period - Stopped by Alexandar Georgiev with a rebound.
13:01 of 3rd period - Slapshot by Sam Bennett.
13:01 of 3rd period - Stopped by Alexandar Georgiev with a rebound.
13:07 of 3rd period - Snap shot by Nino Niederreiter.
13:07 of 3rd period - Stopped by Alexandar Georgiev with a rebound.
13:09 of 3rd period - Slapshot by Ryan Pulock.
13:09 of 3rd period - Deflect By Cole Sillinger.
13:09 of 3rd period - Stopped by Alexandar Georgiev without a rebound.
13:10 of 3rd period - Claude Giroux wins face-off versus Quinton Byfield in Chicago Black Hawks zone.
13:42 of 3rd period - Minor Penalty to Aaron Ekblad for Interference.
13:43 of 3rd period - Troy Terry wins face-off versus Claude Giroux in Toronto Maple Leafs zone.
14:49 of 3rd period - Sean Walker is hit by Simon Nemec and loses puck.
15:42 of 3rd period - Penalty to Aaron Ekblad is over, Aaron Ekblad is back on ice.
15:51 of 3rd period - Slapshot by Brandon Saad.
15:51 of 3rd period - Shot Blocked by Justin Faulk.
15:57 of 3rd period - Slapshot by Scott Laughton.
15:57 of 3rd period - Deflect By Brandon Saad.
15:57 of 3rd period - Shot Misses the Net.
15:57 of 3rd period - Puck is out of play.
15:58 of 3rd period - Wyatt Johnston wins face-off versus Joseph Veleno in Chicago Black Hawks zone.
16:23 of 3rd period - Brandon Saad is hit by Trevor Zegras and loses puck.
16:46 of 3rd period - Wrist shot by Brady Tkachuk.
16:46 of 3rd period - Shot Misses the Net.
17:06 of 3rd period - Snap shot by Nick Bjugstad.
17:06 of 3rd period - Stopped by Alexandar Georgiev with a rebound.
17:08 of 3rd period - Wrist shot by Cody Ceci.
17:08 of 3rd period - Deflect By Quinton Byfield.
17:08 of 3rd period - Shot Misses the Net.
17:08 of 3rd period - Puck is out of play.
17:09 of 3rd period - Jack Drury wins face-off versus Nick Bjugstad in Chicago Black Hawks zone.
17:09 of 3rd period - Jack Drury is hit by Nick Bjugstad.
17:23 of 3rd period - Snap shot by Jack Drury.
17:23 of 3rd period - Shot Misses the Net.
17:30 of 3rd period - Off-side.
17:31 of 3rd period - Scott Laughton wins face-off versus Joseph Veleno in neutral zone.
17:40 of 3rd period - Slapshot by Scott Laughton.
17:40 of 3rd period - Stopped by Alexandar Georgiev without a rebound.
17:41 of 3rd period - Jack Drury wins face-off versus Scott Laughton in Chicago Black Hawks zone.
17:41 of 3rd period - Jack Drury is hit by Andrew Mangiapane.
17:47 of 3rd period - Dougie Hamilton is hit by Noah Cates and loses puck.
18:14 of 3rd period - Snap shot by Barrett Hayton.
18:14 of 3rd period - Deflect By Bobby Brink.
18:14 of 3rd period - Shot Blocked by Dougie Hamilton.
18:14 of 3rd period - Puck is out of play.
18:15 of 3rd period - Wyatt Johnston wins face-off versus Jack Drury in Toronto Maple Leafs zone.
18:20 of 3rd period - Snap shot by Sam Bennett.
18:20 of 3rd period - Goal by Sam Bennett - Toronto Maple Leafs : 5 - Chicago Black Hawks : 5.
18:21 of 3rd period - Wyatt Johnston wins face-off versus Jack Drury in neutral zone.
18:29 of 3rd period - Icing by Claude Giroux.
18:30 of 3rd period - Jack Drury wins face-off versus Wyatt Johnston in Chicago Black Hawks zone.
18:42 of 3rd period - Off-side.
18:43 of 3rd period - Jack Drury wins face-off versus Sam Bennett in neutral zone.
18:50 of 3rd period - Snap shot by Aaron Ekblad.
18:50 of 3rd period - Shot Blocked by Justin Faulk.
18:54 of 3rd period - Snap shot by Sam Bennett.
18:54 of 3rd period - Shot Misses the Net.
18:56 of 3rd period - Slapshot by Sam Bennett.
18:56 of 3rd period - Deflect By Wyatt Johnston.
18:56 of 3rd period - Stopped by Alexandar Georgiev without a rebound.
18:57 of 3rd period - Scott Laughton wins face-off versus Bobby Brink in Chicago Black Hawks zone.
19:08 of 3rd period - Snap shot by Scott Laughton.
19:08 of 3rd period - Shot Misses the Net.
19:10 of 3rd period - Snap shot by Scott Laughton.
19:10 of 3rd period - Shot Blocked by Simon Nemec.
19:12 of 3rd period - Slapshot by Brandon Saad.
19:12 of 3rd period - Shot Blocked by Justin Faulk.
19:44 of 3rd period - Colton Sissons is hit by Nicolas Roy and loses puck.
19:50 of 3rd period - Icing by Simon Nemec.
19:51 of 3rd period - Claude Giroux wins face-off versus Scott Laughton in Chicago Black Hawks zone.
Goals for this period are 3 for Toronto Maple Leafs vs 2 for Chicago Black Hawks.
Shots for this period are 17 for Toronto Maple Leafs vs 6 for Chicago Black Hawks.
Overtime #1
0:01 of 1st overtime period - Claude Giroux wins face-off versus Brady Tkachuk in neutral zone.
0:11 of 1st overtime period - Wrist shot by Lucas Raymond.
0:11 of 1st overtime period - Shot Misses the Net.
0:36 of 1st overtime period - Snap shot by Nick Bjugstad.
0:36 of 1st overtime period - Stopped by Alexandar Georgiev without a rebound.
0:37 of 1st overtime period - Claude Giroux wins face-off versus Troy Terry in Chicago Black Hawks zone.
0:44 of 1st overtime period - Wrist shot by Lucas Raymond.
0:44 of 1st overtime period - Stopped by Cam Talbot without a rebound.
0:45 of 1st overtime period - Troy Terry wins face-off versus Claude Giroux in Toronto Maple Leafs zone.
1:14 of 1st overtime period - Snap shot by Claude Giroux.
1:14 of 1st overtime period - Stopped by Cam Talbot with a rebound.
1:16 of 1st overtime period - Wrist shot by Lucas Raymond.
1:16 of 1st overtime period - Stopped by Cam Talbot with a rebound.
1:18 of 1st overtime period - Snap shot by Justin Faulk.
1:18 of 1st overtime period - Deflect By Troy Terry.
1:18 of 1st overtime period - Stopped by Cam Talbot with a rebound.
1:20 of 1st overtime period - Snap shot by Claude Giroux.
1:20 of 1st overtime period - Goal by Claude Giroux - Toronto Maple Leafs : 5 - Chicago Black Hawks : 6.
Goals for this period are 0 for Toronto Maple Leafs vs 1 for Chicago Black Hawks.
Shots for this period are 1 for Toronto Maple Leafs vs 5 for Chicago Black Hawks.
Back to the Top